 Dungeon Crawl Stone Soup version 0.30-a0-634-g8abc85282e (webtiles) character file.

Game seed: 13871094822897149035

4414 kae the Changer (level 10, 0/78 HPs)
             Began as a Demonspawn Transmuter on Jan 14, 2023.
             Was an Initiate of Yredelemnul.
             Slain by a raiju (7 damage)
             ... on level 1 of the Abyss.
             The game lasted 00:13:30 (7669 turns).

kae the Changer (Demonspawn Transmuter)             Turns: 7669, Time: 00:13:31

Health: 0/78       AC:  9    Str: 14    XL:     10   Next: 14%
Magic:  18/18      EV: 10    Int: 22    God:    Yredelemnul [......]
Gold:   1832       SH:  0    Dex: 13    Spells: 10/20 levels left

rFire   x . .      SeeInvis .      - Unarmed
rCold   + + +      Faith    .    (shield currently unavailable)
rNeg    . . .      Spirit   .    (body armour currently unavailable)
rPois   +          Reflect  .    (helmet currently unavailable)
rElec   .          Harm     .    (cloak currently unavailable)
rCorr   .          Rampage  .    (gloves unavailable)
Will    .....                    (boots currently unavailable)
Stlth   +                        (no amulet)
HPRegen 0.33/turn                I - +6 ring of intelligence
MPRegen 0.16/turn                P - ring of poison resistance

@: ice-form (expiring)
A: freezing attack, amphibious, boosted hp, large, (thin metallic scales 2),
demonic guardian 2, (demonic touch 3)
a: End Transformation, Renounce Religion, Recall Undead Harvest


You were on level 1 of the Abyss.
You worshipped Yredelemnul.
Yredelemnul was noncommittal.
You were a creature of crystalline ice.
You visited 1 branch of the dungeon, and saw 8 of its levels.
You visited the Abyss 1 time.
You also visited: Sewer.

You collected 1832 gold pieces.


Innate Abilities, Weirdness & Mutations

You are a creature of crystalline ice.
You have a powerful freezing melee attack.
You are amphibious.
Your maximum health is increased.
Your armour is entirely melded.
You are incapable of wielding weapons or throwing items.
((You are mostly covered in thin metallic scales. (AC +3)))
A demonic guardian rushes to your aid.
((Your touch may irresistibly damage your foes and sap their willpower.))


   Skills:
 - Level 1.0 Fighting
 - Level 1.7 Dodging
 + Level 5.9 Unarmed Combat
 + Level 5.6 Spellcasting
 * Level 7.8 Transmutations
 * Level 6.5 Ice Magic
 - Level 1.7 Poison Magic
 + Level 6.5 Invocations


You had 10 spell levels left.
You knew the following spells:

 Your Spells              Type           Power      Damage    Failure   Level
a - Beastly Appendage     Tmut           80%        N/A       1%          1
b - Wereblood             Tmut           40%        N/A       1%          2
c - Spider Form           Tmut/Pois      27%        N/A       4%          3
d - Ice Form              Ice/Tmut       37%        N/A       4%          4

Your spell library contained the following spells:

 Spells                   Type           Power      Damage    Failure   Level
 Ignite Poison            Fire/Tmut/Pois 20%        N/A       8%          3
 Vhi's Electric Charge    Tloc/Air       12%        N/A       28%         3
 Sticky Flame             Conj/Fire      6%         2d3       67%         4
 Arcjolt                  Conj/Air       3%         1d13      95%         5
 Ignition                 Fire           3%         3d4       100%        8
 Maxwell's Capacitive Co  Air            3%         โˆž       100%        8

Inventory:

Missiles
 i - 22 poisoned darts
 j - 48 stones
 l - 2 throwing nets {=f!f}
 o - 5 boomerangs
 y - 6 boomerangs of dispersal {=f!f}
 z - 3 atropa-tipped darts
Armour
 a - a +0 robe (melded)
 h - a +1 cloak (melded)
   (You found it on level 1 of the Dungeon)
Magical Staves
 k - a staff of death {!a}
   (You found it on level 3 of the Dungeon)
 r - a staff of death {!a}
   (You found it on level 6 of the Dungeon)
Jewellery
 A - an amulet of magic regeneration
   (You took it off an orc priest on level 7 of the Dungeon)
 I - a +6 ring of intelligence (left front paw)
   (You found it on level 4 of the Dungeon)
 P - a ring of poison resistance (right front paw)
   (You took it off a hobgoblin on level 3 of the Dungeon)
Scrolls
 d - a scroll of amnesia
 g - a scroll of identify {@r1}
 q - a scroll of vulnerability {!r!r}
 v - a scroll of enchant armour
 w - 2 scrolls of fog
 x - a scroll of acquirement
Potions
 b - 3 potions of berserk rage {!q}
 c - a potion of ambrosia
 e - 5 potions of brilliance
 f - 5 potions of might
 m - 2 potions of heal wounds {@q2}
 n - a potion of invisibility
 p - a potion of attraction {!q}
 s - a potion of magic
 t - 2 potions of cancellation
 u - a potion of lignification {!q}
 B - a potion of mutation {unknown}

Dungeon Overview and Level Annotations

Branches:
Dungeon (8/15) Zot: 26538  Temple (0/1) D:4           Sewer (visited)
   Lair: D:8-11

Altars:
Dithmenos
Trog
Xom
Yredelemnul

Annotations:
D:6 1 runed translucent door, Maggie
D:8 Amaemon

#... #..#
#โˆฉยง# #..#
#..# # #..#
#.##..#
#..hh# #.#4Y#
###.hยง......
#.###.#.#. ..
.# #.. # .X.
#.#. ..#.


You could see a large abomination, 3 raiju and a friendly hellwing (summoned).


Message History

You are cast into the Abyss!
This branch contains the abyssal rune of Zot. ๐Ÿ˜จ HP[-3]
You take 3 damage, and now have 29/78 hp.
Unknown command.
You start resting. ๐Ÿ˜จ HP[+3] MP[+2]
You regained 3 hp, and now have 32/78 hp.
You regained 2 mp, and now have 15/18 mp.
Unknown command.
You start resting. ๐Ÿ˜จ HP[+6] MP[+3]
You regained 6 hp, and now have 38/78 hp.
Your mp is fully restored (18).
You start resting.
Your primal bloodlust is almost over. ๐Ÿ˜ฎ HP[+2]
You regained 2 hp, and now have 40/78 hp.
You start resting.
A raiju comes into view. ๐Ÿ˜ฎ HP[+1] Unknown command.
A raiju is nearby!
A raiju comes into view. ๐Ÿ˜ฎ HP[+1]
The raiju barks!
You punch the raiju! You freeze the raiju.
Your primal bloodlust has ended.
You punch the raiju! You freeze the raiju. You punch the raiju!
You freeze the raiju.
The raiju bursts into living lightning!
The living lightning hits the raiju.
The raiju completely resists.
The living lightning hits you!
* * * LOW HITPOINT WARNING * * *
The raiju blinks!
You hear a bark! ๐Ÿ˜จ HP[-13]
You take 13 damage, and now have 29/78 hp.
You barely miss the raiju.
The raiju bursts into living lightning!
The living lightning misses you.
The raiju blinks! ๐Ÿ˜จ HP[+1]
You barely miss the raiju.
The raiju bursts into living lightning!
The living lightning hits the raiju.
The raiju completely resists.
The living lightning hits you!
* * * LOW HITPOINT WARNING * * *
The raiju blinks!
The raiju bursts into living lightning!
The living lightning misses you.
The living lightning hits the raiju.
The raiju completely resists.
The raiju blinks! ๐Ÿ˜จ HP[-8]
You take 8 damage, and now have 22/78 hp.
You punch the raiju! You freeze the raiju.
You kill the raiju!
A raiju comes into view.
You barely miss the raiju.
The raiju bursts into living lightning!
The living lightning misses you.
The raiju blinks! ๐Ÿ˜จ HP[+1]
Your transformation is almost over.
A raiju comes into view.
The raiju bites you.
* * * LOW HITPOINT WARNING * * *
The raiju shocks you!
* * * LOW HITPOINT WARNING * * *
A demonic guardian appears!
The raiju barks! ๐Ÿ˜ฑ HP[-13]
You take 13 damage, and now have 10/78 hp.
You barely miss the raiju.
A large abomination comes into view.
The raiju bites you but does no damage. x2
The raiju bursts into living lightning!
The living lightning hits you.
* * * LOW HITPOINT WARNING * * *
The living lightning hits the raiju.
The raiju completely resists.
The raiju blinks! x3 ๐Ÿ˜ฑ HP[-6]
You take 6 damage, and now have 4/78 hp.
Unknown command.
You feel much better.
The raiju bites you but does no damage. x2
The raiju bursts into living lightning!
The living lightning misses you.
The living lightning hits the raiju.
The raiju completely resists.
The raiju blinks! x2 ๐Ÿ˜จ HP[+24]
You regained 24 hp, and now have 28/78 hp.
You hit the raiju. You freeze the raiju. Your hellwing misses the raiju.
Your hellwing barely misses the raiju.
The raiju bites you.
* * * LOW HITPOINT WARNING * * *
The raiju shocks you!
* * * LOW HITPOINT WARNING * * *
The raiju bursts into living lightning!
The living lightning hits you.
* * * LOW HITPOINT WARNING * * *
The raiju blinks!
The raiju bites you!
* * * LOW HITPOINT WARNING * * *
The raiju shocks you!
You die...
Your body rises from the dead as a mindless zombie.

Skill      XL: |  1  2  3  4  5  6  7  8  9 |
---------------+----------------------------+-----
Transmutations | 2 3 4 5 6 7 |  7.8
Unarmed Combat | 3 4 5 |  5.9
Poison Magic   | 1 |  1.7
Spellcasting   | 3 4 5 |  5.6
Ice Magic      | 1 3 4 6 |  6.5
Invocations    | 1 3 4 6 |  6.5
Fighting       | |  1.0
Dodging        | |  1.7

Action                   |  1- 3 |  4- 6 |  7- 9 | 10-12 || total
-------------------------+-------+-------+-------+-------++-------
Melee: Unarmed           |    71 |    99 |   263 |    44 ||   477
       Kick              |    16 |    12 |     1 |       ||    29
       Headbutt          |     6 |     5 |     3 |       ||    14
       Punch             |     1 |     1 |     1 |       ||     3
       Touch             |     2 |     7 |     4 |       ||    13
 Cast: Beastly Appendage |    16 |    16 |     3 |     4 ||    39
       Spider Form       |     1 |     3 |     6 |       ||    10
       Ice Form          |       |     2 |    18 |     4 ||    24
       Wereblood         |       |       |     3 |     2 ||     5
Invok: Dark Bargain      |       |       |     4 |       ||     4
 Abil: End Transformatio |       |     1 |       |       ||     1
  Use: Scroll            |     4 |     9 |     8 |       ||    21
       Potion            |       |     2 |     2 |     1 ||     5
 Stab: Distracted        |       |     1 |     2 |       ||     3
       Sleeping          |       |       |     1 |       ||     1
Armor: Robe              |     8 |    29 |    10 |       ||    47
       Skin              |       |     7 |    94 |    19 ||   120
Dodge: Dodged            |    43 |    63 |   163 |    21 ||   290

Levels and vault maps discovered:
D:1:      noname_arrival_rooms_in_the_neighbourhood, layout_rooms,
          patterned_corridor
D:2:      layout_rooms, minmay_misc_feat_roman, nicolae_elevator_lobby_asterisk,
          uniq_sigmund
D:3:      layout_basic, tso_metal_star, mainiacjoe_overflow_tiny_flanked,
          portal_sewer_entry_d, dreamdust_ecumenical_altar_sealed_demon,
          uniq_jessica, uniq_crazy_yiuf_cottage
D:4:      minmay_spotlight, layout_gridville, minmay_temple_entry_statues
D:5:      layout_rooms, minitemple, uniq_menkaure, uniq_duvessa
D:6:      lemuel_insect_pit, layout_cave_pods, uniq_grinder, uniq_maggie,
          uniq_eustachio
D:7:      layout_rooms
D:8:      layout_loops_ring, minivault_22, uniq_amaemon
Abyss:1:  base:
D:4

Notes
Turn   | Place    | Note
-------+----------+-------------------------------------------
     0 | D:1      | kae the Demonspawn Transmuter began the quest for the Orb.
     0 | D:1      | Reached XP level 1. HP: 15/15 MP: 3/3
     0 | D:1      | magus.rc [v1.11.3]
   227 | D:1      | Reached skill level 2 in Transmutations
   304 | D:1      | Gained mutation: A weak demonic guardian rushes to your
                  | aid. [demonic ancestry]
   304 | D:1      | Reached XP level 2. HP: 10/21 MP: 3/5
   421 | D:1      | You add the spells Ignite Poison, Sticky Flame and Ignition
                  | to your library.
   619 | D:1      | Reached skill level 3 in Unarmed Combat
   757 | D:1      | Identified a scroll of acquirement
   757 | D:1      | Acquired 1251 gold pieces
   763 | D:1      | Learned a level 2 spell: Wereblood
   814 | D:2      | Gained mutation: Your touch may inflict minor irresistible
                  | damage on your foes. [demonic ancestry]
   814 | D:2      | Reached XP level 3. HP: 22/26 MP: 4/6
   818 | D:2      | Learned a level 3 spell: Spider Form
   985 | D:2      | Noticed Sigmund
  1000 | D:2      | Killed Sigmund
  1001 | D:2      | Reached skill level 3 in Transmutations
  1001 | D:2      | Reached skill level 1 in Poison Magic
  1001 | D:2      | Reached XP level 4. HP: 12/32 MP: 1/8
  1001 | D:2      | Gained mutation: You are partially covered in thin metallic
                  | scales. (AC +2) [demonic ancestry]
  1001 | D:2      | Reached XP level 5. HP: 14/37 MP: 1/9
  1256 | D:2      | Reached skill level 3 in Spellcasting
  1312 | D:2      | Learned a level 4 spell: Ice Form
  1564 | D:3      | Noticed Jessica
  1572 | D:3      | Killed Jessica
  1573 | D:3      | Reached skill level 4 in Transmutations
  1610 | D:3      | Found a faded altar of an unknown god.
  1618 | D:3      | Prayed at the altar of an unknown god.
  1618 | D:3      | Became a worshipper of Yredelemnul the Dark
  1618 | D:3      | Reached * piety under Yredelemnul
  1931 | D:3      | Found a glowing drain.
  1951 | Sewer    | Entered a sewer
  1979 | Sewer    | Noticed a water moccasin
  1991 | Sewer    | Killed a water moccasin
  1992 | Sewer    | Reached skill level 1 in Ice Magic
  1992 | Sewer    | Reached skill level 1 in Invocations
  1992 | Sewer    | Gained mutation: Your touch may inflict irresistible damage
                  | on your foes. [demonic ancestry]
  1992 | Sewer    | Reached XP level 6. HP: 43/43 MP: 3/10
  2238 | D:3      | Found a shadowy altar of Dithmenos.
  2444 | D:3      | Found a runed translucent door.
  2445 | D:3      | Noticed Crazy Yiuf
  2452 | D:3      | Killed Crazy Yiuf
  2799 | D:4      | You add the spells Vhi's Electric Charge, Arcjolt and
                  | Maxwell's Capacitive Coupling to your library.
  2961 | D:4      | Gained mutation: Your touch may irresistibly damage your
                  | foes and sap their willpower. [demonic ancestry]
  2961 | D:4      | Reached XP level 7. HP: 48/48 MP: 3/12
  2966 | D:4      | Reached skill level 2 in Ice Magic
  2968 | D:4      | Reached skill level 4 in Unarmed Combat
  3085 | D:4      | Reached skill level 2 in Invocations
  3106 | D:4      | Found a staircase to the Ecumenical Temple.
  3162 | D:4      | Reached ** piety under Yredelemnul
  3427 | D:4      | Reached skill level 5 in Transmutations
  3716 | D:5      | Entered Level 5 of the Dungeon
  3722 | D:5      | Noticed Dowan
  3785 | D:5      | Noticed Menkaure
  3847 | D:5      | Reached skill level 3 in Ice Magic
  3940 | D:5      | Reached skill level 3 in Invocations
  3940 | D:5      | Reached XP level 8. HP: 40/54 MP: 13/13
  4074 | D:5      | Found a shimmering altar of Xom.
  4076 | D:5      | Found a bloodstained altar of Trog.
  4143 | D:5      | Reached skill level 4 in Spellcasting
  4367 | D:5      | Noticed Duvessa
  4376 | D:5      | Killed Duvessa
  4385 | D:5      | HP: 16/64 [Dowan/+0 dagger (2)]
  4386 | D:5      | Killed Dowan
  4570 | D:5      | HP: 15/64 [Menkaure (7)]
  4571 | D:5      | Killed Menkaure
  4572 | D:5      | Reached skill level 4 in Ice Magic
  4572 | D:5      | Reached skill level 4 in Invocations
  4593 | D:5      | Reached skill level 6 in Transmutations
  4923 | D:6      | Noticed Maggie
  4929 | D:6      | Noticed Grinder
  4941 | D:6      | Killed Grinder
  5076 | D:6      | Reached skill level 5 in Unarmed Combat
  5154 | D:6      | Noticed Eustachio
  5169 | D:6      | Killed Eustachio
  5170 | D:6      | Gained mutation: A demonic guardian rushes to your aid.
                  | [demonic ancestry]
  5170 | D:6      | Reached XP level 9. HP: 57/59 MP: 12/15
  5415 | D:6      | Found a runed translucent door.
  5417 | D:6      | Found a runed translucent door.
  5761 | D:6      | Reached skill level 5 in Ice Magic
  5768 | D:6      | Reached skill level 5 in Invocations
  5772 | D:6      | Reached *** piety under Yredelemnul
  5781 | D:6      | Reached **** piety under Yredelemnul
  6155 | D:7      | Reached skill level 5 in Spellcasting
  6172 | D:7      | Reached skill level 7 in Transmutations
  6436 | D:7      | Reached skill level 6 in Ice Magic
  6544 | D:7      | Reached skill level 6 in Invocations
  6666 | D:7      | HP: 16/70 [something (3)]
  6671 | D:7      | HP: 10/70 [something (3)]
  7168 | D:8      | Gained mutation: You are mostly covered in thin metallic
                  | scales. (AC +3) [demonic ancestry]
  7168 | D:8      | Reached XP level 10. HP: 65/65 MP: 12/18
  7575 | D:8      | Found the +4 robe of Folly {Brill Will-โˆž Int+8}
  7613 | D:8      | Noticed Amaemon
  7613 | D:8      | Noticed an orange demon
  7618 | D:8      | You are cast into the Abyss!
  7618 | Abyss:1  | Cast into level 1 of the Abyss (orc)
  7666 | Abyss:1  | HP: 19/78 [raiju (4)]
  7667 | Abyss:1  | HP: 4/78 [raiju/living lightning (6)]
  7669 | Abyss:1  | Slain by a raiju

Vanquished Creatures
  A raiju (Abyss:1)
  Grinder (D:6)
  Sigmund (D:2)
  Eustachio (D:6)
  Menkaure (D:5)
  3 water moccasins
  Duvessa (D:5)
  2 orc warriors
  A black bear (D:5)
  2 sky beasts (D:7)
  2 centaurs
  2 phantoms
  A kobold brigand (D:6)
  A bullfrog (D:4)
  3 necrophages
  9 scorpions
  3 wights
  5 killer bees (D:8)
  3 howler monkeys (D:7)
  5 hounds
  3 orc priests
  Crazy Yiuf (D:3)
  2 iguanas
  Jessica (D:3)
  4 orc wizards
  4 gnolls (D:4)
  5 adders
  A white imp (D:7)
  An ufetubus (D:5)
  3 worms
  2 dart slugs
  17 orcs
  6 bats
  7 endoplasms
  2 giant cockroaches (D:6)
  7 hobgoblins
  3 jackals (D:1)
  11 kobolds
  2 quokkas (D:1)
  8 ball pythons
  6 frilled lizards
  4 goblins
  2 rats (D:2)
150 creatures vanquished.

Vanquished Creatures (collateral kills)
  An orc warrior (D:7)
  A centaur (D:5)
  4 wights
  Dowan (D:5)
  An orc priest (D:4)
  5 orcs
  2 giant cockroaches (D:6)
  2 kobolds (D:6)
  3 butterflies (D:6)
20 creatures vanquished.

Vanquished Creatures (others)
  A water moccasin zombie (D:7)
  A centaur zombie (D:5)
  2 killer bee zombies (D:8)
  2 hound zombies
  A howler monkey zombie (D:7)
  A bat zombie (Sewer)
  A ball python zombie (D:4)
  An endoplasm zombie (D:4)
  A gnoll zombie (D:4)
  2 hobgoblin zombies (D:4)
  7 orc zombies
  A spectral ufetubus (D:5)
  A demonic plant (D:3)
22 creatures vanquished.

Grand Total: 192 creatures vanquished

Table legend:
 A = Non-vault XP
 B = Vault XP
 C = Vault XP percentage of total XP
 D = Non-vault monster count
 E = Vault monster count
 F = Vault count percentage of total count
                 A         B        C        D         E       F
            +---------+---------+-------+---------+---------+-------
      Total |    4272 |    2035 |  32.3 |     141 |      26 |  15.6
            +---------+---------+-------+---------+---------+-------
        D:1 |      34 |       0 |   0.0 |      20 |       0 |   0.0
        D:2 |      52 |     231 |  81.6 |      16 |       1 |   5.9
        D:3 |      21 |      92 |  81.4 |      12 |       3 |  20.0
        D:4 |     521 |     144 |  21.7 |      22 |       2 |   8.3
        D:5 |     664 |     376 |  36.2 |      10 |       3 |  23.1
        D:6 |     329 |    1036 |  75.9 |      14 |      13 |  48.1
        D:7 |    1637 |       0 |   0.0 |      32 |       0 |   0.0
        D:8 |     748 |       0 |   0.0 |      14 |       0 |   0.0
    Abyss:1 |     266 |       0 |   0.0 |       1 |       0 |   0.0
      Sewer |       0 |     156 | 100.0 |       0 |       4 | 100.0
            +---------+---------+-------+---------+---------+-------

Illustrated notes

Table legend:
 A = Kills in this place as a percentage of kills in entire the game.
 B = Kills by you in this place as a percentage of kills by you in the entire game.
 C = Kills by friends in this place as a percentage of kills by friends in the entire game.
 D = Other kills in this place as a percentage of other kills in the entire game.
 E = Experience gained in this place as a percentage of experience gained in the entire game.
 F = Experience gained in this place divided by the number of levels of this place that you have seen.
                   A       B       C       D       E      F
               +-------+-------+-------+-------+-------+----------------------
         Total | 100.0 | 100.0 | 100.0 |   N/A | 100.0 | 630.7
       Dungeon |  97.0 |  96.7 | 100.0 |   N/A |  93.3 | 735.6
         Abyss |   0.6 |   0.7 |   0.0 |   N/A |   4.2 | 266.0
         Sewer |   2.4 |   2.7 |   0.0 |   N/A |   2.5 | 156.0
               +-------+-------+-------+-------+-------+----------------------

Table legend: (Time is in decaauts)
 A = Elapsed time spent in this place.
 B = Non-inter-level travel time spent in this place.
 C = Inter-level travel time spent in this place.
 D = Time resting spent in this place.
 E = Time spent auto-exploring this place.
 F = Levels seen in this place.
 G = Mean time per level.
                   A        B        C        D        E       F      G
               +--------+--------+--------+--------+--------+-----+--------+
         Total |   7637 |   7432 |    205 |    448 |   5623 |  10 |  763.7 |
       Dungeon |   7451 |   7246 |    205 |    412 |   5527 |   8 |  931.4 |
         Abyss |     49 |     49 |      0 |     36 |      0 |   1 |   49.0 |
         Sewer |    136 |    136 |      0 |      0 |     96 |   1 |  136.0 |
               +--------+--------+--------+--------+--------+-----+--------+

Top non-repeatable levels by time:
     D:6: 1477 daAuts
     D:5: 1087 daAuts
     D:4: 1063 daAuts
     D:3: 971 daAuts
     D:7: 839 daAuts
     D:2: 780 daAuts
     D:1: 770 daAuts
     D:8: 460 daAuts
   Sewer: 136 daAuts
 Abyss:1: 49 daAuts
